 Dungeon Crawl Stone Soup version 0.20-a0-259-gc929cd2 (webtiles) character file.

92553 Kidiri the Eclecticist (level 15, 0/85 HPs)
             Began as a Deep Elf Fire Elementalist on Dec 1, 2016.
             Was a High Priest of Vehumet.
             Killed from afar by a manticore (10 damage)
             ... with a volley of spikes
             ... on level 3 of the Shoals on Dec 2, 2016.
             The game lasted 02:18:29 (37538 turns).

Kidiri the Eclecticist (DEFE)                      Turns: 37538, Time: 02:18:30

Health: 0/85       AC: 18    Str:  3    XL:     15   Next: 58%
Magic:  15/36      EV: 17    Int: 35    God:    Vehumet [*****.]
Gold:   2919       SH: 10    Dex: 17    Spells: 4/45 levels left

rFire  + + .     SeeInvis .     e - +4 dagger (elec)
rCold  . . .     Gourm    .     f - +2 leather armour {rF+}
rNeg   . . .     Faith    .     b - +2 buckler {reflect}
rPois  .         Spirit   .     K - +2 hat
rElec  +         Reflect  +     A - +2 cloak
rCorr  .         Harm     .     G - +0 pair of gloves
MR     +....                    w - +1 pair of boots
Stlth  ++........               X - +3 amulet of reflection
                                N - +3 ring of intelligence
                                n - +5 ring of intelligence

@: about to teleport, afraid, barbed spikes, delayed fireball, glowing, studying
Armour
A: claws 1, fangs 1, horns 1, thin metallic scales 1, camouflage 1, agile 1,
blink, fire resistance 1, electricity resistance, weak 1, wild magic 1, no
device heal 1
a: Blink, Renounce Religion, Release Delayed Fireball


You were on level 3 of the Shoals.
You worshipped Vehumet.
Vehumet was extremely pleased with you.
You were hungry.

You visited 5 branches of the dungeon, and saw 25 of its levels.
You also visited: Bailey.

You collected 3151 gold pieces.
You spent 232 gold pieces at shops.

Inventory:

Hand Weapons
 e - a +4 dagger of electrocution (weapon)
Armour
 b - a +2 buckler of reflection (worn)
 f - a +2 leather armour of fire resistance (worn)
 w - a +1 pair of boots (worn)
 A - a +2 cloak (worn)
 B - a +2 robe of cold resistance
 G - a +0 pair of gloves (worn)
 K - a +2 hat (worn)
Jewellery
 n - a +5 ring of intelligence (left hand)
 p - an uncursed ring of see invisible
 s - an uncursed amulet of magic regeneration
 N - a +3 ring of intelligence (right hand)
 X - a +3 amulet of reflection (around neck)
Wands
 m - a wand of slowing (31/48)
 o - a wand of iceblast (6/15)
 u - a wand of disintegration (9/24)
 z - a wand of confusion (8/48)
 H - a wand of polymorph (6/24)
 U - a wand of teleportation (7/9)
 W - a wand of paralysis (18/24)
Scrolls
 h - 3 scrolls of immolation
 i - 3 scrolls of teleportation
 j - 9 scrolls of remove curse
 q - 4 scrolls of recharging
 x - 7 scrolls of fog
 D - 4 scrolls of magic mapping
 Q - 2 scrolls of amnesia
Potions
 d - 5 potions of might
 g - 7 potions of flight
 k - a potion of lignification
 r - 6 potions of haste
 t - 3 potions of curing
 E - 2 potions of brilliance
 F - 3 potions of ambrosia
 J - a potion of resistance
 M - a potion of agility
 P - a potion of berserk rage
 T - a potion of heal wounds
 V - a potion of invisibility
Books
 y - a book of Fire

   Spells                             Type                      Level
   a - Ignite Poison                  Fire/Transmutation/Poison    3
   b - Fireball                       Conjuration/Fire             5
   c - Bolt of Fire                   Conjuration/Fire             6
   d - Delayed Fireball               Conjuration/Fire             7
   e - Ring of Flames                 Charms/Fire                  7
 L - a manual of Armour
Comestibles
 a - 3 fruits
 c - 12 bread rations
 l - 5 meat rations
 C - 6 slices of pizza


   Skills:
 + Level 6.8 Fighting
 - Level 8.5 Short Blades
 * Level 11.4 Armour
 + Level 9.7 Dodging
 - Level 2.4 Stealth
 * Level 4.0 Shields
 * Level 15.6 Spellcasting
 + Level 9.8 Conjurations
 + Level 10.3 Fire Magic
 + Level 6.6 Air Magic
 + Level 9.1 Earth Magic
 + Level 9.1 Evocations


You had 4 spell levels left.
You knew the following spells:

 Your Spells              Type           Power        Failure   Level  Hunger
a - Flame Tongue          Conj/Fire      #####        1%          1    None
b - Throw Flame           Conj/Fire      ######       1%          2    None
c - Conjure Flame         Conj/Fire      #######.     1%          3    None
d - Inner Flame           Hex/Fire       ######..     1%          3    None
e - Sticky Flame          Conj/Fire      #######.     1%          4    None
f - Fireball              Conj/Fire      #######...   1%          5    None
g - Bolt of Fire          Conj/Fire      #######...   4%          6    #......
h - Delayed Fireball      Conj/Fire      N/A          14%         7    ####...
i - Iron Shot             Conj/Erth      #######...   4%          6    #......
j - Airstrike             Air            #######...   1%          4    None
k - Lightning Bolt        Conj/Air       #######...   1%          5    None


Dungeon Overview and Level Annotations

Branches:
Dungeon (13/15)            Temple (1/1) D:5            Lair (6/6) D:8
 Shoals (3/4) Lair:4       Spider (0/4) Lair:2        Slime (0/5) Lair:6
    Orc (2/2) D:11            Elf (0/3) Orc:2        Vaults (0/5) D:13

Altars:
Ashenzari
Cheibriados
Dithmenos
Elyvilon
Fedhas
Gozag
Hepliaklqana
Kikubaaqudgha
Makhleb
Nemelex Xobeh
Okawaru
Qazlal
Ru
Sif Muna
Trog
Uskayaw
Vehumet
Xom
Yredelemnul
Zin
The Shining One
Beogh

Shops:
D:9 *   D:13 =   Orc:2 (([[   Shoals:3 !

Portals:
Hell: Lair:6
Trove: D:10 (give wand of hasting (9))

Annotations:
Shoals:3 Mara


Innate Abilities, Weirdness & Mutations

You have sharp fingernails.
You have very sharp teeth.
You have a pair of small horns on your head.
You are partially covered in thin metallic scales. (AC +2)
Your skin changes colour to match your surroundings (Stealth+).
You are agile. (Dex +2)
You can translocate small distances at will.
Your flesh is heat resistant. (rF+)
You are resistant to electric shocks. (rElec)
You are weak. (Str -2)
Your spells are a little harder to cast, but a little more powerful.
Potions and wands are less effective at restoring your health.


Message History

Unknown command.
Your system partially rejects the healing.
You feel much better.
The faun shouts!
The merfolk barely misses you. Mara gestures at you. The bolt of fire hits you!
You resist.
* * * LOW HITPOINT WARNING * * *
The faun unwields an uncursed spear.
The faun wields a hunting sling.
The faun shoots a sling bullet.
You reflect the sling bullet off your +2 buckler of reflection!
The sling bullet hits the faun!
You hear a splash.
You block the merfolk's attack. Kidiri's illusion casts a spell at you.
The bolt of lightning misses you.
The manticore flicks its tail.
The volley of spikes hits you!
The barbed spikes become lodged in your body.
You die...

.........P..PP≈P
.............P.P
..........P...P
..m..R.........
####mt.....(...
##.@.....P.#
#..m.......
#(......#.∩
#@≈........
#.....?...
#......c..
≈≈......c≈
≈≈≈...≈≈≈≈
≈≈≈≈.≈≈H≈≈≈
≈≈≈≈.#≈≈≈c
.≈≈≈..#≈≈..


You could see Mara, a satyr, a snapping turtle, a merfolk, 2 fauns, a manticore,
a merfolk siren and Kidiri's illusion.

Vanquished Creatures
  A kraken (Shoals:1)
  Kirke (Lair:6)
  Roxanne (Shoals:3)
  A stone giant (Orc:1)
  A dire elephant (Lair:6)
  Snorg (D:13)
  A merfolk impaler (Shoals:2)
  Josephine (D:13)
  A yaktaur captain (D:13)
  A centaur warrior (D:13)
  Harold (Lair:1)
  5 hydras
  A satyr (Shoals:2)
  A merfolk avatar (Shoals:2)
  3 death yaks (Lair:6)
  2 orc high priests
  Sonja (Lair:1)
  Nergalle (Lair:1)
  A sixfirhy (Lair:6)
  4 sea snakes (Shoals:2)
  The ghost of feito the Unseen, a novice SpAs of Uskayaw (D:9)
  An unseen horror (D:11)
  An obsidian statue (D:13)
  A wizard (Lair:6)
  A deep elf archer (Bailey)
  An orange crystal statue (D:13)
  3 hill giants
  5 orc sorcerers (Orc:2)
  An ugly thing (D:12)
  A necromancer (D:10)
  2 manticores
  5 oklob plants
  4 cyclopes
  8 elephants
  12 deep elf magi
  2 merfolk sirens
  Joseph (D:7)
  2 centaur zombies
  A smoke demon (Lair:6)
  3 black mambas
  A gargoyle (D:13)
  3 torpor snails
  6 spiny frogs
  An orange demon (Lair:6)
  4 rime drakes
  9 komodo dragons
  2 yaktaurs (D:13)
  2 red devils (Lair:6)
  2 ice devils (Lair:6)
  8 merfolk
  2 polar bears
  A hornet (D:10)
  4 trolls
  2 two-headed ogres
  11 dream sheep
  7 blink frogs
  5 snapping turtles
  12 hippogriffs
  A spriggan (D:8)
  4 wraiths (D:13)
  3 wyverns
  3 water elementals
  A tarantella (Lair:2)
  55 yaks
  4 hogs (Lair:6)
  2 steam dragons
  3 hungry ghosts
  Grum (D:11)
  4 basilisks
  2 insubstantial wisps (D:12)
  3 vampire mosquitoes (D:12)
  A warg (Orc:2)
  16 water moccasins
  10 porcupines
  6 hell hounds
  Duvessa (D:6)
  2 black bears (D:11)
  17 orc warriors
  7 sky beasts
  3 phantoms
  2 ice beasts
  16 ogres
  13 wolves
  18 centaurs
  13 crocodiles
  The ghost of esc the Digger, an amateur GrEE of Sif Muna (D:3)
  4 big kobolds
  20 bullfrogs
  Blork the orc (D:5)
  Dowan (D:6)
  2 wyvern zombies
  6 scorpions
  12 wights
  7 killer bees
  2 howler monkeys
  3 electric eels
  3 crimson imps
  3 bullfrog zombies
  A lava snake (D:12)
  4 jellies
  6 hounds
  28 orc priests
  41 orc wizards
  2 centaur skeletons
  A gnoll shaman (Orc:2)
  4 bullfrog skeletons
  3 iguanas
  Ijyb (D:2)
  8 worker ants
  A killer bee zombie (D:8)
  2 hound zombies
  3 hound skeletons
  A howler monkey zombie (D:8)
  2 worker ant zombies (D:10)
  15 adders
  10 gnolls
  2 shadow imps
  2 oozes (D:2)
  An adder skeleton (D:5)
  A dart slug (D:2)
  7 leopard geckos
  72 orcs
  2 ball pythons
  4 giant cockroaches
  6 goblins
  7 hobgoblins
  25 kobolds
  7 quokkas
  7 bats
  5 frilled lizards
  A jackal zombie (D:5)
  A quokka zombie (D:5)
  4 rats
  3 plants (Lair:2)
  2 tentacles (Shoals:1)
736 creatures vanquished.

Vanquished Creatures (others)
  Erolcha (D:12)
  A cyclops (D:12)
  A kobold (D:2)
  10 fungi
  8 plants
  2 tentacles (Shoals:1)
23 creatures vanquished.

Grand Total: 759 creatures vanquished

Notes
Turn   | Place    | Note
-------+----------+-------------------------------------------
     0 | D:1      | Kidiri the Deep Elf Fire Elementalist began the quest for the Orb.
     0 | D:1      | Reached XP level 1. HP: 10/10 MP: 6/6
   203 | D:1      | Reached XP level 2. HP: 15/15 MP: 4/8
   207 | D:1      | Learned a level 2 spell: Throw Flame
   986 | D:2      | Reached skill level 4 in Spellcasting
   986 | D:2      | Reached XP level 3. HP: 12/19 MP: 1/10
   991 | D:2      | Learned a level 3 spell: Conjure Flame
   995 | D:2      | Learned a level 3 spell: Inner Flame
  1331 | D:2      | Noticed Ijyb
  1341 | D:2      | Killed Ijyb
  1762 | D:2      | Reached XP level 4. HP: 24/24 MP: 5/12
  2276 | D:2      | Found a stormy altar of Qazlal.
  2758 | D:3      | Reached skill level 5 in Spellcasting
  2867 | D:3      | Reached XP level 5. HP: 19/28 MP: 0/14
  2873 | D:3      | Learned a level 4 spell: Sticky Flame
  3018 | D:3      | Noticed esc's ghost (amateur GrEE)
  3049 | D:3      | Killed esc's ghost
  3049 | D:3      | Reached skill level 6 in Spellcasting
  3370 | D:3      | Noticed an ogre
  3374 | D:3      | Killed an ogre
  3374 | D:3      | Reached XP level 6. HP: 32/32 MP: 8/17
  3528 | D:3      | Reached skill level 5 in Fire Magic
  3997 | D:3      | Reached skill level 7 in Spellcasting
  4079 | D:4      | Learned a level 5 spell: Fireball
  4557 | D:4      | Reached XP level 7. HP: 27/37 MP: 12/19
  4577 | D:4      | Reached skill level 1 in Short Blades
  4837 | D:5      | Entered Level 5 of the Dungeon
  4845 | D:5      | Found a staircase to the Ecumenical Temple.
  4855 | Temple   | Entered the Ecumenical Temple
  4862 | Temple   | Became a worshipper of Vehumet
  5127 | D:5      | Reached skill level 1 in Fighting
  5235 | D:5      | Reached skill level 1 in Armour
  5235 | D:5      | Reached skill level 1 in Evocations
  5340 | D:5      | Noticed Blork the orc
  5366 | D:5      | Killed Blork the orc
  5601 | D:5      | Reached skill level 8 in Spellcasting
  5601 | D:5      | Reached XP level 8. HP: 26/44 MP: 15/22
  6136 | D:5      | Found a stormy altar of Qazlal.
  6422 | D:5      | Reached * piety under Vehumet
  6422 | D:5      | Offered knowledge of Sandblast by Vehumet.
  6425 | D:5      | Learned a level 1 spell: Sandblast
  7069 | D:6      | Reached skill level 1 in Earth Magic
  7337 | D:6      | Gained mutation: You are frail. (-10% HP) [mutagenic meat]
  7338 | D:6      | Gained mutation: You have sharp toenails. [mutagenic meat]
  7429 | D:6      | Reached skill level 5 in Conjurations
  7433 | D:6      | Reached skill level 9 in Spellcasting
  7433 | D:6      | Reached XP level 9. HP: 44/44 MP: 6/24
  8181 | D:6      | Noticed Duvessa
  8202 | D:6      | Killed Duvessa
  8206 | D:6      | Noticed Dowan
  8228 | D:6      | Killed Dowan
  8533 | D:6      | Gained mutation: Your spells are a little easier to cast, but a little less powerful. [mutagenic meat]
  8535 | D:6      | Gained mutation: You evolve. [mutagenic meat]
  8536 | D:6      | Gained mutation: You have sharp fingernails. [mutagenic meat]
  8538 | D:6      | Gained mutation: Your mind is acute. (Int +2) [mutagenic meat]
  9107 | D:7      | Offered knowledge of Magic Dart by Vehumet.
  9309 | D:7      | Reached ** piety under Vehumet
  9684 | D:7      | Noticed Joseph
  9812 | D:6      | Gained mutation: Your flesh is heat resistant. (rF+) [evolution]
  9939 | D:7      | HP: 2/44 [Joseph/sling bullet (23)]
 10534 | D:7      | Killed Joseph
 10534 | D:7      | Reached skill level 5 in Dodging
 11248 | D:8      | Found a staircase to the Lair.
 11580 | D:8      | Gained mutation: Your skin changes colour to match your surroundings (Stealth+). [potion of mutation]
 11580 | D:8      | Gained mutation: You can translocate small distances at will. [potion of mutation]
 11581 | D:8      | Gained mutation: You have a somewhat thin skeletal structure. (Dex +2, Stealth) [potion of mutation]
 11581 | D:8      | Lost mutation: You have sharp toenails. [potion of mutation]
 11581 | D:8      | Gained mutation: You are partially covered in thin metallic scales. (AC +2) [potion of mutation]
 11582 | D:8      | Gained mutation: You are resistant to electric shocks. (rElec) [potion of mutation]
 11610 | D:8      | Reached skill level 10 in Spellcasting
 12000 | D:8      | Reached XP level 10. HP: 50/50 MP: 22/26
 13454 | D:9      | Found a blossoming altar of Fedhas.
 13519 | D:9      | Offered knowledge of Stone Arrow by Vehumet.
 13532 | D:9      | Learned a level 3 spell: Stone Arrow
 13571 | D:9      | Gained mutation: You have very sharp teeth. [evolution]
 13595 | D:9      | Noticed feito's ghost (novice SpAs)
 13849 | D:9      | Found Kekel's General Store.
 13860 | D:9      | Bought a potion of brilliance for 60 gold pieces
 13860 | D:9      | Bought a scroll of identify for 30 gold pieces
 13934 | D:9      | Killed feito's ghost
 13934 | D:9      | Reached skill level 5 in Evocations
 14415 | D:10     | Entered Level 10 of the Dungeon
 14430 | D:10     | Reached *** piety under Vehumet
 15097 | D:10     | Offered knowledge of Airstrike by Vehumet.
 15103 | D:10     | Learned a level 4 spell: Airstrike
 15107 | D:10     | Identified a scroll of acquirement
 15185 | D:10     | Reached skill level 11 in Spellcasting
 15283 | D:10     | Reached skill level 5 in Earth Magic
 15338 | D:10     | Noticed a necromancer
 15354 | D:10     | Killed a necromancer
 15354 | D:10     | Reached skill level 5 in Short Blades
 15421 | D:10     | Paralysed by a hornet for 1 turns
 15422 | D:10     | Reached XP level 11. HP: 27/54 MP: 19/28
 15588 | D:10     | Found a portal to a secret trove of treasure.
 15826 | D:11     | Reached skill level 1 in Air Magic
 16200 | D:11     | Noticed an unseen horror
 16204 | D:11     | Killed an unseen horror
 16229 | D:11     | Noticed a hill giant
 16386 | D:11     | Killed a hill giant
 16386 | D:11     | Reached **** piety under Vehumet
 16609 | D:11     | Offered knowledge of Lightning Bolt by Vehumet.
 16616 | D:11     | Learned a level 5 spell: Lightning Bolt
 16680 | D:11     | Lost mutation: You are frail. (-10% HP) [evolution]
 16680 | D:11     | Lost mutation: You evolve. [end of evolution]
 16720 | D:11     | Reached skill level 5 in Armour
 16906 | D:11     | Found a staircase to the Orcish Mines.
 16915 | D:11     | Found a roughly hewn altar of Beogh.
 17358 | D:11     | Noticed Grum
 17419 | D:11     | Killed Grum
 17888 | Lair:1   | Entered Level 1 of the Lair of Beasts
 17943 | Lair:1   | Reached skill level 12 in Spellcasting
 18056 | Lair:1   | Noticed Harold
 18098 | Lair:1   | Killed Harold
 18412 | Lair:1   | Noticed Nergalle
 18478 | Lair:1   | Reached XP level 12. HP: 47/67 MP: 7/30
 18815 | Lair:1   | Noticed Sonja
 18824 | Lair:1   | Killed Sonja
 19408 | Lair:1   | Killed Nergalle
 19653 | Lair:2   | Found a hole to the Spider Nest.
 20003 | Lair:2   | Lost mutation: Your spells are a little easier to cast, but a little less powerful. [potion of mutation]
 20003 | Lair:2   | Gained mutation: You are agile. (Dex +2) [potion of mutation]
 20003 | Lair:2   | Gained mutation: You are weak. (Str -2) [potion of mutation]
 20062 | Lair:2   | Got a shadowed robe
 20073 | Lair:2   | Identified the +0 robe of Trog's Benevolence {rPois Str+3} (You found it on level 2 of the Lair of Beasts)
 20544 | Lair:2   | Reached ***** piety under Vehumet
 20548 | Lair:2   | Offered knowledge of Bolt of Fire by Vehumet.
 20558 | Lair:2   | Learned a level 6 spell: Bolt of Fire
 20951 | Lair:3   | Reached skill level 5 in Fighting
 21721 | Lair:3   | Noticed a six-headed hydra
 21728 | Lair:3   | Killed a six-headed hydra
 21923 | Lair:3   | Reached skill level 13 in Spellcasting
 22364 | Lair:4   | Reached XP level 13. HP: 49/72 MP: 10/32
 23030 | Lair:4   | Found a staircase to the Shoals.
 24531 | Lair:6   | Entered Level 6 of the Lair of Beasts
 24659 | Lair:6   | Found a staircase to the Slime Pits.
 25100 | Lair:6   | Noticed Kirke
 25103 | Lair:6   | Offered knowledge of Iron Shot by Vehumet.
 25107 | Lair:6   | Killed Kirke
 25265 | Lair:6   | Learned a level 6 spell: Iron Shot
 25915 | Lair:6   | Reached skill level 14 in Spellcasting
 26391 | Lair:6   | Found a shimmering altar of Xom.
 26442 | Lair:6   | Reached skill level 5 in Air Magic
 26612 | Lair:6   | Noticed a dire elephant
 26644 | Lair:6   | Killed a dire elephant
 26872 | Lair:6   | Reached XP level 14. HP: 79/79 MP: 21/34
 27406 | Lair:6   | Found a burning altar of Makhleb.
 27538 | Lair:6   | Reached skill level 10 in Armour
 27949 | Lair:6   | Found a gateway to Hell.
 28482 | D:12     | Reached skill level 1 in Shields
 28484 | D:12     | Noticed Erolcha
 28504 | D:12     | Killed Erolcha
 28570 | D:12     | Found a flagged portal.
 28579 | Bailey   | Entered a bailey
 28885 | Bailey   | Learned a level 7 spell: Delayed Fireball
 29306 | D:12     | Lost mutation: Your mind is acute. (Int +2) [mutagenic meat]
 29309 | D:12     | Lost mutation: You have a somewhat thin skeletal structure. (Dex +2, Stealth) [mutagenic meat]
 30484 | D:13     | Gained mutation: You have a pair of small horns on your head. [mutagenic meat]
 30485 | D:13     | Gained mutation: Your spells are a little harder to cast, but a little more powerful. [mutagenic meat]
 30486 | D:13     | Gained mutation: Potions and wands are less effective at restoring your health. [mutagenic meat]
 30669 | D:13     | Noticed Snorg
 30675 | D:13     | Killed Snorg
 30870 | D:13     | Found Owoev's Jewellery Shoppe.
 31081 | D:13     | Offered knowledge of Bolt of Magma by Vehumet.
 31199 | D:13     | Noticed Josephine
 31200 | D:13     | Killed Josephine
 31534 | D:13     | Found a gate to the Vaults.
 31590 | D:13     | Reached skill level 10 in Fire Magic
 31888 | Orc:1    | Entered Level 1 of the Orcish Mines
 31912 | Orc:1    | Noticed a stone giant
 31917 | Orc:1    | Killed a stone giant
 32138 | Orc:1    | Reached XP level 15. HP: 72/84 MP: 26/35
 32301 | Orc:1    | Found a roughly hewn altar of Beogh.
 32442 | Orc:1    | Found a radiant altar of Vehumet.
 32890 | Orc:2    | Entered Level 2 of the Orcish Mines
 32890 | Orc:2    | Found a staircase to the Elven Halls.
 33189 | Orc:2    | Reached skill level 15 in Spellcasting
 33383 | Orc:2    | Offered knowledge of Spellforged Servitor by Vehumet.
 33662 | Orc:2    | Found Yqokas's Antique Armour Shop.
 33662 | Orc:2    | Found Xeneuhou's Weapon Boutique.
 33663 | Orc:2    | Found Poyvvuyz's Antique Weapon Boutique.
 33690 | Orc:2    | Found Bocoanti's Antique Armour Shop.
 33736 | Orc:2    | Bought a twisted robe for 142 gold pieces
 33751 | Orc:2    | Identified the +2 robe of the Eight Boll Weevils {Dex+6} (You bought it in a shop on level 2 of the Orcish Mines)
 34588 | Shoals:1 | Entered Level 1 of the Shoals
 35204 | Shoals:1 | Noticed a kraken
 35207 | Shoals:1 | Killed a kraken
 36246 | Shoals:2 | Upgraded the game from 0.20-a0-256-gabb291d to 0.20-a0-259-gc929cd2
 37520 | Shoals:3 | Noticed Roxanne
 37525 | Shoals:3 | Killed Roxanne
 37526 | Shoals:3 | Found Hyorhix's Distillery.
 37527 | Shoals:3 | Noticed Mara
 37529 | Shoals:3 | Noticed Kidiri's illusion
 37536 | Shoals:3 | HP: 1/85 [Kidiri's illusion/iron shot[Mara] (21)]
 37538 | Shoals:3 | Killed from afar by a manticore

Vault maps used:
D:1:      evilmike_arrival_home_sweet_home
D:2:      first_bread, minivault_14, nicolae_qazlal_eye_of_the_storm, uniq_iyjb
D:3:      kennysheep_six_static_rooms
D:5:      basic_altar, hangedman_minor_gate_pass, uniq_blork_the_orc
D:6:      uniq_duvessa
D:7:      minmay_misc_feat_room, uniq_joseph
D:8:      lair_entry_dummy, grunt_pizzeria
D:9:      serial_shops, shop, fedhas_altar_3
D:10:     enter_trove_1, minmay_librarian
D:11:     minmay_orc_entry_temple_small, uniq_grum
D:12:     enter_bailey_2, minmay_misc_feat_four_crosses,
          kennysheep_decorative_pillar, hangedman_misty_isle, uniq_erolcha
D:13:     david_vaults_2, serial_shops, shop, minmay_more_statues, uniq_snorg,
          uniq_josephine
Temple:   minmay_crystal_snake_temple
Lair:1:   grunt_megastairs_2, serial_bayou_shore_a, uniq_nergalle, uniq_harold,
          uniq_sonja
Lair:2:   spider_nest_entry_rubble, minmay_lair_oklob_chamber
Lair:4:   minmay_shoals_entry_centaurs
Lair:5:   cheibrodos_lair_reptile_den
Lair:6:   evil_forest, minmay_slime_entry_oklob_open,
          nicolae_quartered_pool_super, lemuel_oklob_altar, uniq_kirke
Shoals:3: serial_shops, nicolae_shop_stone, nicolae_shop_trees, shop, shop,
          nicolae_shoals_loop_pool, uniq_mara, uniq_roxanne
Orc:1:    minmay_goldmine, basic_altar, mines1_david
Orc:2:    st_orc_mages, special_room
Bailey:   bailey_polearm_3, bailey

Skill      XL: |  1  2  3  4  5  6  7  8  9 10 11 12 13 14 15 |
---------------+----------------------------------------------+-----
Spellcasting   | 4 5 6 7 8 9 10 11 12 13 14 15 | 15.6
Conjurations   | 2 3 4 5 6 7 8 9 |  9.8
Fire Magic     | 4 5 6 7 8 9 10 | 10.3
Short Blades   | 1 3 4 5 6 7 8 |  8.5
Fighting       | 1 2 3 4 5 6 |  6.8
Dodging        | 3 4 5 6 8 9 |  9.7
Armour         | 1 2 3 6 7 9 10 11 | 11.4
Evocations     | 1 3 4 5 6 7 8 9 |  9.1
Earth Magic    | 2 3 5 6 7 8 9 |  9.1
Air Magic      | 2 4 5 6 |  6.6
Shields        | 2 4 |  4.0
Stealth        | |  2.4

Action                   |  1- 3 |  4- 6 |  7- 9 | 10-12 | 13-15 || total
-------------------------+-------+-------+-------+-------+-------++-------
Melee: Dagger            |    10 |    17 |    84 |   246 |   236 ||   593
       Bite              |       |       |       |    23 |    12 ||    35
       Headbutt          |       |       |       |       |    11 ||    11
Throw: Throwing net      |       |       |       |     1 |       ||     1
 Cast: Flame Tongue      |    27 |    54 |   165 |   263 |   262 ||   771
       Throw Flame       |    21 |    38 |    74 |    71 |    57 ||   261
       Sticky Flame      |       |     3 |    22 |   100 |   115 ||   240
       Fireball          |       |     1 |     4 |    23 |    19 ||    47
       Inner Flame       |       |     1 |     3 |     8 |     5 ||    17
       Conjure Flame     |       |       |     5 |    19 |     9 ||    33
       Lightning Bolt    |       |       |       |     2 |     8 ||    10
       Bolt of Fire      |       |       |       |     1 |   103 ||   104
       Stone Arrow       |       |       |       |       |     1 ||     1
       Iron Shot         |       |       |       |       |    79 ||    79
       Airstrike         |       |       |       |       |     6 ||     6
       Delayed Fireball  |       |       |       |       |     1 ||     1
 Abil: Blink             |       |       |       |       |     2 ||     2
Evoke: Wand              |       |     5 |     6 |     8 |     2 ||    21
  Use: Scroll            |    10 |    10 |     6 |    14 |    19 ||    59
       Potion            |       |     1 |     5 |     1 |    10 ||    17
 Stab: Sleeping          |     1 |     1 |     6 |    16 |     6 ||    30
  Eat: Chunk             |     3 |     9 |    21 |    19 |    41 ||    93
       Fruit             |       |       |     9 |       |       ||     9
       Beef jerky        |       |       |     1 |       |     3 ||     4
       Bread ration      |       |       |       |     6 |       ||     6
       Royal jelly       |       |       |       |       |     3 ||     3
       Pizza             |       |       |       |       |     6 ||     6
Armor: Robe              |     5 |     7 |    16 |    22 |     1 ||    51
       Leather armour    |       |       |       |   117 |   109 ||   226
Dodge: Dodged            |    20 |    32 |    81 |   262 |   262 ||   657
Block: Buckler           |       |       |       |       |    75 ||    75
       Reflection        |       |       |       |       |    11 ||    11
